AoeStats
← chrisgrm

Baltic

510470312Analyzed
3v3 RM · 2d ago on Oct 1, 2026· 47m 29s· 6 players
Game mode
Random Map
Map size
Normal (6 player)
Population
200
Speed
Normal
Resources
Standard
Victory
Conquest
Starting age
Dark Age
Ending age
Imperial Age
RankedLock teamsTeams togetherTeam positionsShared explorationLock speedFull tech treeHidden civsTurbo modeCheats
Victory
Defeat
1152
+14
🇨🇳 Mongols · China
1147
+14
🇨🇳 Italians · China
1123
+15
🇨🇴 Dravidians · Colombia
1154
-16
🇨🇴 Huns · Colombia
1152
-16
🇨🇴 Aztecs · Colombia
1018
-11
سلام عليكم Salam Alaiku
7:07 Loom
11:29 Feudal Age
11:57 Town Watch
11:58 Double-Bit Axe
21:18 Horse Collar
31:03 Castle Age
29:27 Gold Mining
31:28 Fletching
31:38 Padded Archer Armor
32:18 Wheelbarrow
31:22 Crossbowman
32:33 Bodkin Arrow
33:36 Hand Cart
33:34 Bow Saw
33:25 Heavy Plow
34:17 Gold Shaft Mining
34:51 Medium Warships
36:13 Leather Archer Armor
37:25 Ballistics
41:52 Imperial Age
40:15 Forging
41:09 Scale Mail Armor
42:22 Iron Casting
41:55 Pikeman
42:39 Squires
42:57 Chain Mail Armor
44:20 Chemistry
43:51 Halberdier
285066173
11:48 Feudal Age
16:31 Castle Age
14:45 Gold Mining
14:38 Horse Collar
14:45 Double-Bit Axe
16:43 Stone Mining
27:54 Imperial Age
26:51 Fletching
27:01 Padded Archer Armor
27:59 Bodkin Arrow
32:26 Conscription
33:00 Bow Saw
35:11 Chemistry
34:18 Squires
36:14 Wheelbarrow
36:50 Heavy Plow
37:59 Arson
38:33 Forging
38:35 Scale Mail Armor
40:00 Iron Casting
40:03 Hand Cart
40:38 Chain Mail Armor
43:18 Two-Man Saw
43:43 Ballistics
44:12 Loom
44:42 Treadmill Crane
44:54 Heated Shot
46:07 Blast Furnace
45:38 Plate Mail Armor
46:10 Pirotechnia
47:01 Bracer
47:16 Leather Archer Armor
big niao
10:38 Feudal Age
11:21 Double-Bit Axe
11:18 Fishing Lines
12:56 Horse Collar
17:51 Castle Age
16:16 Stone Mining
18:28 Gillnets
20:00 Bow Saw
19:54 Heavy Plow
19:50 Gold Mining
19:57 Fletching
20:08 Padded Archer Armor
23:27 Wheelbarrow
27:07 Leather Archer Armor
32:10 Imperial Age
30:38 Bodkin Arrow
31:45 Ballistics
31:32 Thumb Ring
31:29 Husbandry
31:39 Bloodlines
33:13 Gold Shaft Mining
33:13 Stone Shaft Mining
33:16 Bracer
33:43 Parthian Tactics
33:42 Conscription
33:05 Capped Ram
34:49 Chemistry
34:34 Drill
34:05 Elite Mangudai
35:11 Siege Ram
40:23 Siege Engineers
chrisgrm
2:30 Loom
14:25 Feudal Age
13:10 Loom
15:48 Wheelbarrow
15:02 Double-Bit Axe
15:00 Horse Collar
15:44 Gold Mining
21:22 Town Watch
28:58 Castle Age
29:19 Padded Archer Armor
29:10 Fletching
29:32 Elite Skirmisher
31:39 Bodkin Arrow
35:06 Hand Cart
36:54 Town Watch
38:00 Ballistics
38:06 Leather Archer Armor
41:26 Thumb Ring
44:17 Scale Barding Armor
44:23 Forging
43:36 Light Cavalry
46:51 Imperial Age
45:34 Chain Barding Armor
Nidagumo
5:55 Loom
9:39 Feudal Age
11:16 Wheelbarrow
10:58 Double-Bit Axe
12:19 Town Watch
13:36 Gold Mining
16:38 Horse Collar
20:48 Castle Age
19:45 Scale Mail Armor
19:56 Forging
21:03 Pikeman
22:07 Chain Mail Armor
22:02 Heavy Plow
23:36 Bow Saw
23:35 Eagle Warrior
24:30 Treadmill Crane
25:00 Squires
24:46 Gambesons
26:14 Chain Mail Armor
26:31 Fletching
27:32 Bodkin Arrow
28:57 Elite Skirmisher
34:38 Ballistics
36:30 Hand Cart
36:53 Heated Shot
kenneth3011
9:02 Loom
12:40 Feudal Age
13:07 Double-Bit Axe
13:10 Fishing Lines
17:44 Wheelbarrow
22:32 Castle Age
24:24 Forging
24:19 Scale Barding Armor
26:15 Iron Casting
25:26 Horse Collar
26:06 Husbandry
26:17 Bloodlines
30:05 Heavy Plow
32:07 Chain Barding Armor
33:40 Hand Cart
34:00 Bow Saw
33:45 Gold Mining
33:47 Stone Mining
38:14 Imperial Age
36:34 Caravan
38:59 Cavalier
40:57 Gold Shaft Mining
41:20 Conscription
42:01 Paladin
Connection lost

Rejoining the realm…

Still unreachable

The connection could not be restored.

Session expired

The server has moved on; the page needs a fresh start.